Wiss, chaotic female elven Wizard ------------ |..........| |...........####### ------ |..........| # ------- |..^.| |..........| ##......| #......# ------- |..........| |.....| #|....|# |......#################` -.---------- |.....| #|....|# |.....| # |.._...####.....|# |......# ### --.---- #------# |^|%..|# # #### ## # -----.-# # # # # #####@#######f######### ### # # q ----- --.------------- # # # ##....| |..............| ### # # |.>.| #...............| ############################ |....#######|..............| -----------# #---------|-- ----- ---------------- |.........|# #-..........| |.........-# |..._......| ----------- ------------ Wiss the Conjurer Experience level: 4 Strength: 12 Dexterity: 15 Constitution: 13 Intelligence: 20 Wisdom: 10 Charisma: 8 Health: 0(32) Energy: 39(39) Def: 8 Gold: 248 Moves: 2719 Dungeon seed: s6gX6FxqVlbNnY_j Game ID: Wiss_1676349787 Your Inventory: Weapons d - a blessed +1 quarterstaff (weapon in hands) p - an uncursed +0 spear M - an uncursed +0 dagger Armor e - an uncursed +0 cloak of magic resistance (being worn) r - an uncursed +0 orcish helm (being worn) y - an uncursed +0 banded mail (being worn) O - a blessed +1 dwarvish cloak P - a cursed +0 elven mithril-coat named cursed Comestibles x - 2 uncursed food rations z - an uncursed lichen corpse E - an uncursed tripe ration U - an uncursed tin of gnome lady meat Scrolls m - an uncursed scroll of enchant armor s - an uncursed scroll of destroy armor A - an uncursed scroll of blank paper S - a blessed scroll of magic mapping Potions j - a blessed potion of invisibility t - an uncursed potion of extra healing u - an uncursed potion of hallucination R - a blessed potion of see invisible W - an uncursed potion of blindness X - an uncursed potion of sleeping Rings F - a cursed ring of protection from shape changers Wands b - an uncursed wand of striking (0:8) D - an uncursed wand of undead turning (0:4) Tools k - an uncursed skeleton key w - an uncursed wooden harp T - an uncursed blindfold Gems n - an uncursed worthless piece of black glass q - an uncursed worthless piece of yellowish brown glass N - an uncursed worthless piece of white glass Y - 2 uncursed worthless pieces of violet glass Coins $ - 248 gold pieces Spells and supernatural/magical abilities: Name Level Category Cost Memory a - force bolt 1 attack 8pw 96% h - healing 1 healing 12pw 96% j - jumping 1 escape 12pw 96% k - knock 1 matter 12pw 96% m - magic missile 2 attack 20pw 96% W - pray for help -- divine ? -- Your skills at the end: Fighting Skills wands [Basic] Weapon Skills quarterstaff [Basic] Spellcasting Skills attack spells [Basic] enchantment spells [Basic] Final Attributes: You were piously aligned. You were immune to sleep. You were magic resistant. You saw invisible. You had infravision. You were lucky. You last prayed 1632 turns ago. Anhur was noncommittal. You are dead. Vanquished creatures: a small mimic a rock piercer a shrieker a straw golem 5 giant ants 2 floating eyes a kitten 2 hill orcs 2 iguanas an acid blob a hobbit 2 manes 6 garter snakes a gecko 2 jackals 3 goblins 5 sewer rats 2 grid bugs 5 lichens 4 newts 48 creatures vanquished. Voluntary challenges: You used a wielded weapon 62 times, starting on turn 159. You read items or engraved 5 times, starting on turn 131. You never genocided any monsters. You never polymorphed an object. You never changed form. You used no wishes. You never split a pudding. You never wrote Elbereth's name. You never violated your personal moral code. Dungeon overview: The Dungeons of Doom: levels 1 to 7 Level 1 a long staircase Level 2 a potion shop, a vault Level 3 a fountain, a vault stairs to The Gnomish Mines Level 4 Level 5 a general store, a vault Level 6 <- You were here some altars to Ptah and Anhur Level 7 The Gnomish Mines: Level 4 stairs to The Dungeons of Doom History has recorded: On T:1 you entered the Dungeons of Doom to retrieve the Amulet of Yendor! On T:455 you reached level 2 of The Dungeons of Doom. On T:564 you reached level 3 of The Dungeons of Doom. On T:984 you reached level 1 of The Gnomish Mines. On T:1017 you reached level 4 of The Dungeons of Doom. On T:1393 you reached level 5 of The Dungeons of Doom. On T:1619 you reached level 6 of The Dungeons of Doom. On T:1722 you advanced to experience level 2. On T:1922 you advanced to experience level 3. On T:2185 you reached level 7 of The Dungeons of Doom. On T:2220 you advanced to experience level 4. Score breakdown: Gold: 248 ( 8151 points) Experience: 4 levels ( 9649 points) Exploration: 7 levels ( 14.58%) (10718 points) Discoveries: 5 items ( 1.74%) ( 3959 points) Valuables value: (no points given unless you survive) Artifact value: 0 ( 0 points) Variety of kills: 20 monsters ( 5.26%) ( 6882 points) Turncount: 2719 turns ( -454 points) Survival: died (score multiplied by 80%) Total score: 31124 Latest messages: [2 turns] (3x) You stop exploring. [2 turns] (2x) You destroy the manes! [2 turns] (4x) You miss the rothe. The rothe misses. The rothe bites! The rothe misses. You feel more confident in your weapon skills. You hit the rothe. The rothe misses. The rothe bites! The rothe misses. (2x) The rothe bites! (2x) [2 turns] You hit the rothe. (2x) The rothe misses. The rothe bites! (2x) You miss the rothe. The rothe hits! The rothe misses. The rothe bites! The rothe hits! The rothe bites! (2x) You die... Final status: Goodbye Wiss the Wizard, killed by a rothe... You died in The Dungeons of Doom on dungeon level 6 with 31124 points, and 248 pieces of gold, after 2719 moves. You were level 4 with a maximum of 32 hit points when you died.